 Dungeon Crawl Stone Soup version 0.14-a0-2080-ge317583 (webtiles) character file.

1825 Jenx the Ruinous (level 8, 0/59 HPs)
             Began as a Purple Draconian Conjurer on Jan 24, 2014.
             Was a Believer of Vehumet.
             Slain by HollowCharge's ghost (8 damage)
             ... on Level 6 of the Dungeon.
             The game lasted 00:21:48 (6575 turns).

Jenx the Ruinous (Purple Draconian Conjurer)        Turns: 6575, Time: 00:21:49

HP   0/59        AC  6     Str 12      XL: 8   Next: 73%
MP   4/23        EV 11     Int 17      God: Vehumet [**....]
Gold 126         SH  8     Dex 17      Spells:  5 memorised,  5 levels left

rFire  . . .     SeeInvis .     a - +2,+1 whip (freeze)
rCold  . . .     Clarity  .     (armour unavailable)
rNeg   . . .     Conserve .     r - +0 buckler
rPois  .         rCorr    .     (helmet restricted)
rElec  .         rRot     .     (no cloak)
SustAb . .       Spirit   .     (no gloves)
rMut   .         Warding  .     (no boots)
Saprov . . .     Stasis   .     (no amulet)
MR     +....                    f - +2 ring of strength
                                s - +4 ring of dexterity

@: very slightly contaminated, drained, somewhat resistant to hostile
enchantments, fairly stealthy
A: breathe power, unfitting armour, AC +6
a: Breathe Dispelling Energy, Renounce Religion


You were on level 6 of the Dungeon.
You worshipped Vehumet.
Vehumet was pleased with you.
You were not hungry.

You visited 2 branches of the dungeon, and saw 7 of its levels.
You also visited: Sewer.

You collected 174 gold pieces.
You spent 48 gold pieces at shops.

Inventory:

Hand weapons
 a - a +2,+1 whip of freezing (weapon)
 b - a +4,+1 cutlass of venom
 A - a +0 blowgun
 F - a cursed -3,-2 dagger
Armour
 r - a +0 buckler (worn)
Comestibles
 k - 2 meat rations
 C - a bread ration
Scrolls
 g - a scroll of recharging {unknown}
 h - a scroll of amnesia
 i - 2 scrolls of enchant armour {unknown}
 j - a scroll of random uselessness {unknown}
 l - a scroll of noise {unknown}
 m - a scroll of curse armour {unknown}
 n - 2 scrolls of remove curse
 p - 3 scrolls of fear {unknown}
 t - 3 scrolls of teleportation
 v - a scroll of immolation {unknown}
 x - a scroll of identify
 y - a scroll of magic mapping {unknown}
 E - a scroll of fog {unknown}
Jewellery
 d - an uncursed amulet of rage
 f - a +2 ring of strength (right hand)
 s - a +4 ring of dexterity (left hand)
 z - an uncursed amulet of clarity {unknown}
 B - an uncursed ring of fire
Potions
 e - 2 potions of heal wounds
 q - a potion of might {unknown}
 u - a potion of agility
 H - a potion of speed {unknown}
Books
 c - a book of Conjurations

   Spells                             Type                      Level
   *Magic Dart                        Conjuration                  1
   Searing Ray                        Conjuration                  2
   *Dazzling Spray                    Conjuration/Hexes            3
   Iskenderun's Mystic Blast          Conjuration                  4
   *Iskenderun's Battlesphere         Conjuration/Charms           4
   *Fulminant Prism                   Conjuration/Hexes            5
 o - a book of Beasts

   Spells                             Type                      Level
   Summon Butterflies                 Summoning                    1
   Sticks to Snakes                   Transmutation                2
   Call Canine Familiar               Summoning                    3
   Ice Form                           Ice/Transmutation            4
   Summon Ice Beast                   Ice/Summoning                4
   Summon Hydra                       Summoning                    7
 w - a book of Changes

   Spells                             Type                      Level
   Beastly Appendage                  Transmutation                1
   Sticks to Snakes                   Transmutation                2
   Spider Form                        Transmutation/Poison         3
   Ice Form                           Ice/Transmutation            4
   Blade Hands                        Transmutation                5
 D - a book of Battle

   Spells                             Type                      Level
   Infusion                           Charms                       1
   Shroud of Golubria                 Charms/Translocation         2
   Song of Slaying                    Charms                       2
   Spectral Weapon                    Hexes/Charms                 3
   *Regeneration                      Charms/Necromancy            3


   Skills:
 + Level 1.0(0.5) Fighting
 - Level 1.7(1.2) Dodging
 - Level 1.7(1.2) Stealth
 - Level 1.0(0.5) Shields
 - Level 7.0(6.4) Spellcasting
 * Level 7.6(7.0) Conjurations
 - Level 1.6(1.1) Hexes
 - Level 6.7(6.1) Charms


You had 5 spell levels left.
You knew the following spells:

 Your Spells              Type           Power        Failure   Level  Hunger
a - Magic Dart            Conj           ####         1%          1    None
b - Dazzling Spray        Conj/Hex       ###.....     10%         3    ##.....
c - Regeneration          Chrm/Necr      ###.......   12%         3    ##.....
d - Iskenderun's Battles  Conj/Chrm      ####....     12%         4    ####...
e - Fulminant Prism       Conj/Hex       ###.......   75%         5    #####..


Dungeon Overview and Level Annotations

Branches:
Dungeon (6/16)             Temple (1/1) D:4

Altars:
Ashenzari
Cheibriados
Dithmengos
Elyvilon
Fedhas
Kikubaaqudgha
Makhleb
Nemelex Xobeh
Okawaru
Sif Muna
Trog
Vehumet
Yredelemnul
Zin
the Shining One
Lugonu

Shops:
D:4 %

Annotations:
D:6 HollowCharge's ghost, experienced DrFi


Message History

Aim: HollowCharge's ghost (heavily damaged)
The magic dart hits HollowCharge's ghost.
HollowCharge's ghost is severely damaged.
Your battlesphere fires!
The barrage of energy hits HollowCharge's ghost.
HollowCharge's ghost is severely damaged.
HollowCharge's ghost hits you!
* * * LOW HITPOINT WARNING * * *
Casting: Magic Dart
Confirm with . or Enter, or press ? or * to list all spells.
Aiming: Magic Dart
Press: ? - help, Shift-Dir - straight line, f/p - HollowCharge's ghost
Aim: HollowCharge's ghost (severely damaged)
The magic dart hits HollowCharge's ghost.
HollowCharge's ghost is severely damaged.
Your battlesphere fires!
The barrage of energy hits HollowCharge's ghost.
HollowCharge's ghost is almost destroyed.
HollowCharge's ghost hits you!
You die...

..(.......ยง....>.......# #.#
....................... #.#
#########..#####..#.... #.#
......##..#####..#....####.#
........................##.#
......##..............#<# # ....
#....[.>.......#.## #
##.####...p..........#p##.#
#........@.........g#.##.#
######....................
#....#.......#.#?##%#
#############.*..#.......#.#.##..
........................ .#.##..
############........... #.##..
..(................... ......
###########........... .#.#.###.
.........................#.#.###.


You could see HollowCharge's ghost.

Vanquished Creatures
  Pikel (D:5)
  Menkaure (D:6)
  3 ogres
  A slave (D:5)
  5 big kobolds (Sewer)
  A giant frog (D:6)
  A crimson imp (D:6)
  An orc priest (D:5)
  An orc wizard (D:6)
  An iguana (D:4)
  A scorpion (D:4)
  3 worker ants
  3 gnolls
  10 adders
  2 green rats (Sewer)
  2 worms
  3 grey rats
  An iguana skeleton (D:6)
  3 giant geckos
  2 oozes (Sewer)
  8 orcs
  4 ball pythons
  4 bats
  6 giant cockroaches
  7 hobgoblins
  6 jackals
  4 quokkas
  4 giant newts
  9 goblins
  A hobgoblin zombie (D:5)
  23 kobolds
  An orc skeleton (D:4)
  9 rats
132 creatures vanquished.

Vanquished Creatures (others)
  A hobgoblin (D:5)
  A rat (D:5)
2 creatures vanquished.

Grand Total: 134 creatures vanquished

Notes
Turn   | Place    | Note
--------------------------------------------------------------
     0 | D:1      | Jenx, the Draconian Conjurer, began the quest for the Orb.
     0 | D:1      | Reached XP level 1. HP: 14/14 MP: 3/3
   385 | D:1      | Reached XP level 2. HP: 20/20 MP: 0/4
  1340 | D:2      | Reached skill level 5 in Conjurations
  1340 | D:2      | Reached XP level 3. HP: 26/26 MP: 4/6
  1353 | D:2      | Learned a level 3 spell: Dazzling Spray
  2119 | D:3      | Reached skill level 1 in Shields
  2372 | D:3      | Found a deep blue altar of Sif Muna.
  2406 | D:3      | Reached XP level 4. HP: 30/33 MP: 7/7
  2645 | D:4      | Noticed an ogre
  2704 | D:4      | Found a staircase to the Ecumenical Temple.
  2718 | Temple   | Entered the Ecumenical Temple
  2732 | Temple   | Became a worshipper of Vehumet
  2783 | D:4      | Found a white marble altar of Elyvilon.
  2784 | D:4      | Found an ancient bone altar of Kikubaaqudgha.
  2784 | D:4      | Found a snail-covered altar of Cheibriados.
  2785 | D:4      | Found a sparkling altar of Nemelex Xobeh.
  2785 | D:4      | Found an iron altar of Okawaru.
  2785 | D:4      | Found a basalt altar of Yredelemnul.
  2786 | D:4      | Found a glowing silver altar of Zin.
  2943 | D:4      | Reached XP level 5. HP: 38/38 MP: 4/11
  2949 | D:4      | Learned a level 4 spell: Iskenderun's Battlesphere
  3105 | D:4      | Found Kenuru's Food Boutique.
  3173 | D:4      | Bought a meat ration for 48 gold pieces
  3229 | D:4      | Found a blossoming altar of Fedhas.
  3486 | D:4      | Killed an ogre
  3613 | D:4      | Noticed an ogre
  3695 | D:4      | Killed an ogre
  3695 | D:4      | Reached XP level 6. HP: 17/45 MP: 7/13
  4193 | D:5      | Entered Level 5 of the Dungeon
  4295 | D:5      | Noticed Pikel
  4327 | D:5      | Killed Pikel
  4327 | D:5      | Reached skill level 6 in Conjurations
  4327 | D:5      | Reached skill level 5 in Charms
  4327 | D:5      | Your scales start taking on a rich purple colour.
  4327 | D:5      | Reached XP level 7. HP: 24/50 MP: 3/15
  4495 | D:5      | Acquired Vehumet's first power
  4495 | D:5      | Offered knowledge of Sting by Vehumet.
  4932 | D:6      | Noticed Menkaure
  4944 | D:6      | Noticed HollowCharge's ghost (experienced DrFi)
  4948 | D:6      | Killed Menkaure
  5303 | D:6      | Reached XP level 8. HP: 30/57 MP: 18/18
  5438 | D:6      | Reached skill level 5 in Spellcasting
  5438 | D:6      | Reached skill level 1 in Hexes
  5465 | D:6      | Found a glowing drain.
  5479 | Sewer    | Entered a sewer
  5843 | Sewer    | Reached skill level 7 in Conjurations
  5848 | Sewer    | Learned a level 3 spell: Regeneration
  5902 | Sewer    | Offered knowledge of Shock by Vehumet.
  6460 | Sewer    | Learned a level 5 spell: Fulminant Prism
  6556 | D:6      | Reached skill level 1 in Fighting
  6575 | D:6      | Slain by HollowCharge's ghost

Action                   |  1- 3 |  4- 6 |  7- 9 || total
-------------------------+-------+-------+-------++-------
Melee: Dagger            |     9 |       |       ||     9
       Unarmed           |     1 |       |       ||     1
       Short sword       |    16 |       |       ||    16
       Falchion          |    21 |       |       ||    21
       Cutlass           |    11 |    70 |   116 ||   197
       Whip              |       |       |    36 ||    36
 Cast: Magic Dart        |    50 |    17 |    62 ||   129
       Dazzling Spray    |       |     7 |    15 ||    22
       Iskenderun's Batt |       |       |     4 ||     4
 Abil: Breathe Dispellin |       |       |     3 ||     3
  Use: Scroll            |       |     4 |     4 ||     8
       Potion            |       |     1 |     1 ||     2
 Stab: Sleeping          |     1 |     1 |     1 ||     3
       Invisible         |       |     1 |     2 ||     3
